 Dungeon Crawl Stone Soup version 0.31-a0-1388-g4b2ba238e7 (webtiles) character file.

Game seed: 6209302087555209099

9692 Laraso the Basher (level 11, -9/100 HPs)
             Began as an Oni Cinder Acolyte on Dec 24, 2023.
             Was a High Priest of Ignis.
             Mangled by a manticore (10 damage)
             ... on level 11 of the Dungeon.
             The game lasted 00:27:42 (18853 turns).

Laraso the Basher (Oni Cinder Acolyte)             Turns: 18853, Time: 00:27:43

Health: -9/100     AC:  6    Str: 26    XL:     11   Next: 50%
Magic:  1/20       EV:  9    Int: 19    God:    Ignis [*****.]
Gold:   688        SH:  0    Dex:  4    Spells: 11/22 levels left

rFire   + + +        a - +0 flail
rCold   . . .        (no shield)
rNeg    . . .        C - +0 steam dragon scales
rPois   .            (helmet restricted)
rElec   .            g - scarf {rC+ rF+}
rCorr   .            (gloves unavailable)
SInv    .            (boots unavailable)
Will    +....        (no amulet)
Stlth   +            A - +6 ring of strength
HPRegen 0.36/turn    G - ring of fire
MPRegen 0.17/turn

%: no passive effects
@: spiked
A: large, unfitting armour, horns 1, tough skin 1, double potion healing,
drunken brawling
a: Renounce Religion, Fiery Armour, Foxfire Swarm, Rising Flame


You were on level 11 of the Dungeon.
You worshipped Ignis.
Ignis was extremely pleased with you.
You visited 1 branch of the dungeon, and saw 11 of its levels.

You collected 688 gold pieces.

Inventory:

Hand Weapons
 a - a +0 flail (weapon)
 b - a +7 giant spiked club
Missiles
 H - 2 throwing nets
Armour
 g - a scarf of resistance (worn)
 C - +0 steam dragon scales (worn)
Jewellery
 A - a +6 ring of strength (left hand)
 G - a ring of fire (right hand)
Wands
 p - a wand of iceblast (20)
 q - a wand of polymorph (20)
 s - a wand of mindburst (2)
 x - a wand of paralysis (16)
 I - a wand of digging (5)
 K - a wand of light (4)
Scrolls
 c - a scroll of immolation {unknown}
 e - 2 scrolls of enchant armour
 l - a scroll of teleportation
 m - 2 scrolls of amnesia
 n - a scroll of blinking {unknown}
 o - 2 scrolls of vulnerability
 t - 2 scrolls of fear {unknown}
 v - a scroll of brand weapon {unknown}
 y - 5 scrolls of revelation {unknown}
 z - a scroll of noise {unknown}
 B - a scroll of fog {unknown}
 L - a scroll of acquirement {unknown}
Potions
 f - 3 potions of magic
 h - 5 potions of heal wounds
 i - a potion of berserk rage {unknown}
 k - 4 potions of attraction
 r - a potion of might {unknown}
 u - 2 potions of mutation {unknown}
 w - 2 potions of invisibility {unknown}
 D - a potion of lignification {unknown}
 F - 2 potions of curing


   Skills:
 - Level 4.0 Fighting
 - Level 14.0 Maces & Flails
 * Level 4.0 Armour
 - Level 2.0 Dodging
 - Level 6.0 Spellcasting
 - Level 7.0 Summonings
 - Level 3.0 Fire Magic
 - Level 2.0 Evocations


You had 11 spell levels left.
You knew the following spells:

 Your Spells              Type           Power      Damage    Failure   Level
a - Scorch                Fire           50%        2d7       4%          2
b - Call Imp              Summ           64%        N/A       1%          2
c - Summon Hydra          Summ           16%        N/A       99%         7

Your spell library contained the following spells:

 Spells                   Type           Power      Damage    Failure   Level
 Summon Small Mammal      Summ           100%       N/A       1%          1
 Apportation              Tloc           10%        N/A       11%         1
 Necrotise                Necr           20%        1d5       11%         1
 Sandblast                Erth           10%        2d5       11%         1
 Sting                    Conj/Alch      20%        1d4       11%         1
 Passwall                 Alch/Erth      4%         N/A       17%         2
 Sublimation of Blood     Necr           5%         N/A       17%         2
 Inner Flame              Hex/Fire       17%        N/A       19%         3
 Stone Arrow              Conj/Erth      10%        3d7       32%         3
 Brom's Barrelling Bould  Conj/Erth      5%         2d3       73%         4
 Alistair's Intoxication  Alch           3%         N/A       97%         5
 Borgnjor's Vile Clutch   Necr/Erth      2%         N/A       97%         5
 Irradiate                Conj/Alch      2%         3d12      97%         5
 Eringya's Noxious Bog    Alch           2%         4d6       100%        6
 Ignition                 Fire           12%        3d6       100%        8


Dungeon Overview and Level Annotations

Branches:
Dungeon (11/15)            Temple (0/1) D:6            Lair (0/5) D:10
    Orc (0/2) D:11

Altars:
Ashenzari
Cheibriados
Makhleb
Okawaru
Qazlal
Ru
Trog
Xom

Shops:
D:5 *   D:6 [

Annotations:
D:8 3 runed translucent doors, kd29's ghost, novice TrSh


Innate Abilities, Weirdness & Mutations

You are too large for most types of armour.
You have a pair of small horns on your head.
You have tough skin. (AC +1)
You gain doubled healing and magic from potions.
Whenever you drink a healing potion, you attack all around you.


Message History

You feel a surge of power!
Flames lash the manticore.
The manticore is burned terribly!
The manticore is heavily wounded.
The manticore flicks its tail.
The volley of spikes skewers you!
The barbed spikes become lodged in your body.
Casting: Scorch (safe; 4% risk of failure)
Confirm with . or Enter, or press ? or * to list all spells.
You feel a surge of power!
Flames lash the manticore.
The manticore is burned terribly!
The manticore is heavily wounded.
Your cerulean imp hits the manticore but does no damage.
Casting: Scorch (safe; 4% risk of failure)
Confirm with . or Enter, or press ? or * to list all spells.
You feel a surge of power!
Flames lash the manticore.
The manticore is burned terribly!
The manticore is severely wounded.
The manticore barely misses you.
The manticore claws you but does no damage. x2
Your cerulean imp hits the manticore but does no damage.
Casting: Scorch (safe; 4% risk of failure)
Confirm with . or Enter, or press ? or * to list all spells.
You feel a surge of power!
Flames lash the manticore.
The manticore is burned terribly!
The manticore is almost dead.
The manticore bites you!
* * * LOW HITPOINT WARNING * * *
The manticore completely misses you. The manticore claws you!
* * * LOW HITPOINT WARNING * * *
Your cerulean imp barely misses the manticore.
Unknown command.
Casting: Scorch (safe; 4% risk of failure)
Confirm with . or Enter, or press ? or * to list all spells.
You don't have enough magic to cast this spell.
You hit the manticore but do no damage. Your headbutt misses the manticore.
The manticore is almost dead.
The manticore bites you!!
* * * LOW HITPOINT WARNING * * *
The manticore claws you!
You die...

##..##...#.#....##.##.#.#.#
###.######.####.##.##.#...#
# #..# #....#.##....#.### #
##.## ####.#.#######.# #
#..# #.#.#.......# ##.#####
#.#.#.#######
#.....###.#.#.#######
##.###.....#.#.......###
##..# ####..)5@H...)....#
##..## ##>#########.#.#
#..## ### #..†.# # ##.##
#.#### ...# #K .### # ...##
.#..######### ......[.....#


You could see a manticore (combustible, ally target) and a friendly cerulean imp
(summoned).

Vanquished Creatures
  Erolcha (D:10)
  Erica (D:9)
  A two-headed ogre (D:9)
  An ugly thing (D:7)
  A gargoyle (D:11)
  An unseen horror (D:11)
  A shadow (D:9)
  Sigmund (D:5)
  6 yaks
  Eustachio (D:3)
  A wyvern (D:11)
  A steam dragon (D:8)
  Menkaure (D:4)
  2 acid dragons
  Duvessa (D:4)
  A water moccasin (D:6)
  8 orc warriors
  A black bear (D:9)
  5 centaurs
  3 kobold brigands
  A phantom (D:5)
  9 bullfrogs
  2 scorpions (D:9)
  3 wights (D:8)
  Dowan (D:4)
  8 killer bees
  An electric eel (D:11)
  A howler monkey (D:8)
  3 jellies
  2 gnoll boudas
  5 hounds
  4 orc priests
  2 iguanas
  Ijyb (D:4)
  12 orc wizards
  6 adders
  10 gnolls
  A shadow imp (D:8)
  A white imp (D:7)
  3 worms
  A dart slug (D:1)
  45 orcs
  5 bats
  8 endoplasms
  3 giant cockroaches
  7 hobgoblins
  3 jackals (D:2)
  3 quokkas
  8 ball pythons
  3 frilled lizards
  7 goblins
  25 kobolds
  6 rats
239 creatures vanquished.

Vanquished Creatures (collateral kills)
  A two-headed ogre (D:9)
  2 orc warriors
  A black bear (D:9)
  A centaur (D:11)
  A bullfrog (D:9)
  A gnoll sergeant (D:8)
  A killer bee (D:10)
  A gnoll (D:9)
  A kobold (D:8)
10 creatures vanquished.

Grand Total: 249 creatures vanquished

Notes
Turn   | Place    | Note
-------+----------+-------------------------------------------
     0 | D:1      | Laraso the Oni Cinder Acolyte began the quest for the Orb.
     0 | D:1      | Reached XP level 1. HP: 24/24 MP: 2/2
    76 | D:1      | Reached XP level 2. HP: 26/32 MP: 2/4
   108 | D:1      | Learned a level 2 spell: Scorch
   378 | D:1      | Reached XP level 3. HP: 39/39 MP: 0/5
  1154 | D:2      | Reached skill level 4 in Maces & Flails
  1300 | D:2      | Found a faded altar of an unknown god.
  1450 | D:2      | Reached XP level 4. HP: 48/48 MP: 2/7
  2250 | D:3      | Identified the +0 rapier of Esuloru {venom, *Noise Dex+4}
  2440 | D:3      | Reached XP level 5. HP: 54/54 MP: 0/9
  2609 | D:3      | Learned a level 2 spell: Call Imp
  3046 | D:3      | Reached skill level 5 in Maces & Flails
  3473 | D:4      | Noticed Ijyb
  3510 | D:4      | Killed Ijyb
  3511 | D:4      | Reached skill level 1 in Summonings
  3591 | D:4      | Found a burning altar of Makhleb.
  3887 | D:4      | Found a broken altar of Ashenzari.
  3966 | D:4      | Reached XP level 6. HP: 54/62 MP: 5/10
  4047 | D:4      | Noticed Menkaure
  4076 | D:4      | Killed Menkaure
  4077 | D:4      | Reached skill level 6 in Maces & Flails
  4648 | D:4      | Noticed Eustachio
  4981 | D:3      | Killed Eustachio
  4982 | D:3      | Reached skill level 7 in Maces & Flails
  4982 | D:3      | Reached XP level 7. HP: 11/70 MP: 5/11
  5256 | D:4      | Noticed Dowan
  5257 | D:4      | Noticed Duvessa
  5284 | D:4      | Killed Duvessa
  5288 | D:4      | Killed Dowan
  5626 | D:5      | Entered Level 5 of the Dungeon
  5881 | D:5      | Found a bloodstained altar of Trog.
  5913 | D:5      | Reached skill level 8 in Maces & Flails
  5913 | D:5      | Reached skill level 1 in Evocations
  5994 | D:5      | Found Otimiss's General Store.
  6021 | D:5      | Found a sacrificial altar of Ru.
  6033 | D:5      | Reached XP level 8. HP: 73/78 MP: 0/12
  6171 | D:5      | Noticed Sigmund
  6177 | D:5      | Killed Sigmund
  7571 | D:6      | Reached skill level 9 in Maces & Flails
  7714 | D:6      | Found Remmen's Armour Emporium.
  7894 | D:6      | Identified the +5 trident of Huvvais {speed, rF- Dex+5 SInv
                  | Stlth+}
  8183 | D:6      | Found a staircase to the Ecumenical Temple.
  8258 | D:6      | Found a stormy altar of Qazlal.
  8763 | D:7      | Reached XP level 9. HP: 75/84 MP: 0/13
  8893 | D:7      | Reached skill level 10 in Maces & Flails
  9492 | D:7      | Noticed a white ugly thing
  9509 | D:7      | HP: 1/84 [green ugly thing (7)]
  9511 | D:7      | Killed a green ugly thing
  9512 | D:7      | Reached skill level 11 in Maces & Flails
 10926 | D:8      | Found a runed translucent gate.
 10928 | D:8      | Found a runed translucent gate.
 10928 | D:8      | Found a runed translucent gate.
 10928 | D:8      | Identified the +9 plate armour "Jemiem" {rC+ rN+ Str-3
                  | Dex+7}
 10929 | D:8      | Noticed kd29's ghost (novice TrSh)
 11761 | D:9      | Reached skill level 12 in Maces & Flails
 11970 | D:9      | Reached XP level 10. HP: 90/92 MP: 2/16
 12374 | D:8      | Reached skill level 5 in Summonings
 12535 | D:9      | Found a faded altar of an unknown god.
 12535 | D:9      | Found a faded altar of an unknown god.
 12544 | D:9      | Found a shimmering altar of Xom.
 12546 | D:9      | Found a snail-covered altar of Cheibriados.
 12548 | D:9      | Found an iron altar of Okawaru.
 12669 | D:9      | Noticed Erica
 12698 | D:10     | Entered Level 10 of the Dungeon
 13024 | D:9      | Noticed a two-headed ogre
 13037 | D:9      | Killed a two-headed ogre
 13230 | D:9      | Noticed a two-headed ogre
 13243 | D:9      | Killed a two-headed ogre
 13244 | D:9      | Reached skill level 13 in Maces & Flails
 13510 | D:9      | Killed Erica
 13794 | D:9      | Identified the +1 falchion of Eheeffod {flame, rPois Str+3
                  | SInv}
 15067 | D:9      | Learned a level 7 spell: Summon Hydra
 15271 | D:9      | Reached XP level 11. HP: 28/100 MP: 10/17
 15275 | D:9      | Reached skill level 14 in Maces & Flails
 15699 | D:10     | Found a staircase to the Lair.
 16269 | D:10     | Reached skill level 1 in Armour
 16269 | D:10     | Reached skill level 1 in Dodging
 16445 | D:10     | Noticed Erolcha
 16456 | D:10     | Killed Erolcha
 16457 | D:10     | Reached skill level 5 in Spellcasting
 17140 | D:11     | Identified the +4 war axe "Zestuneu" {freeze, rCorr Str+3}
 18640 | D:11     | Found a staircase to the Orcish Mines.
 18839 | D:11     | Noticed a manticore
 18853 | D:11     | HP: 1/100 [manticore (20)]
 18853 | D:11     | Mangled by a manticore

Illustrated notes

Levels and vault maps discovered:
D:1:      dpeg_arrival_windows_large_door, layout_rooms, minmay_misc_feat_room,
          palyth_stone_intersect, hangedman_decor_opposing
D:2:      layout_rooms, shapermc_ecumenical_altar_starsandcircs,
          minmay_surrounded
D:3:      layout_basic, hangedman_decor_riveting
D:4:      layout_basic, kennysheep_little_box, overflow_temple_1_default,
          uniq_duvessa, uniq_ijyb, uniq_eustachio, uniq_menkaure
D:5:      layout_gridville, trog_three_pillars_becter,
          nicolae_ru_great_annihilating_truth, serial_shops,
          nicolae_diamond_shop, columned_hall_lemuel, st_stairs_9, uniq_sigmund
D:6:      layout_layer_cave, mainiacjoe_overflow_alcove_4, temple_hall,
          serial_shops, shop
D:7:      layout_gridville
D:8:      layout_loops_ring, biasface_ghost_orc_armoury
D:9:      layout_loops_ring, chequers_temple_overflow_minitemple, uniq_erica
D:10:     layout_loops_cross, due_lair_maze_entry_diamond, uniq_erolcha
D:11:     layout_basic, erik_orc_2

Skill      XL: |  1  2  3  4  5  6  7  8  9 10 11 |
---------------+----------------------------------+-----
Fire Magic     | 3 |  3.0
Spellcasting   | 2 3 4 6 |  6.0
Maces & Flails | 4 5 7 8 9 12 13 14 | 14.0
Summonings     | 1 2 4 6 7 |  7.0
Evocations     | 1 2 |  2.0
Armour         | 4 |  4.0
Dodging        | 2 |  2.0
Fighting       | |  4.0

Action                     |  1- 3 |  4- 6 |  7- 9 | 10-12 || total
---------------------------+-------+-------+-------+-------++-------
  Melee: Mace              |    18 |    82 |   106 |   103 ||   309
         Punch             |     2 |     1 |     1 |       ||     4
         Headbutt          |     1 |    11 |    16 |    23 ||    51
         Unarmed           |       |    24 |       |       ||    24
         Flail             |       |       |       |    45 ||    45
   Cast: Scorch            |    33 |    70 |   137 |   195 ||   435
         Call Imp          |       |     4 |    10 |    40 ||    54
 Invoke: Fiery Armour      |       |     1 |       |     1 ||     2
  Evoke: Wand              |       |       |    11 |     1 ||    12
    Use: Scroll            |     3 |     1 |     4 |     5 ||    13
         Potion            |       |       |     4 |     2 ||     6
 Armour: Robe              |    37 |   117 |   169 |       ||   323
         Skin              |       |    12 |       |       ||    12
         Steam dragon scal |       |       |     3 |   333 ||   336
  Dodge: Dodged            |    19 |    90 |    74 |   166 ||   349

Table legend: (Time is in decaauts)
 A = Elapsed time spent in this place.
 B = Non-inter-level travel time spent in this place.
 C = Inter-level travel time spent in this place.
 D = Time resting spent in this place.
 E = Time spent auto-exploring this place.
 F = Levels seen in this place.
 G = Mean time per level.
                   A        B        C        D        E       F      G
               +--------+--------+--------+--------+--------+-----+--------+
         Total |  18853 |  18213 |    640 |   7283 |   8279 |  11 | 1713.9 |
       Dungeon |  18853 |  18213 |    640 |   7283 |   8279 |  11 | 1713.9 |
               +--------+--------+--------+--------+--------+-----+--------+

Top non-repeatable levels by time:
     D:8: 3047 daAuts
     D:9: 2721 daAuts
     D:4: 1878 daAuts
    D:10: 1647 daAuts
     D:3: 1616 daAuts
     D:5: 1441 daAuts
     D:6: 1427 daAuts
     D:7: 1427 daAuts
    D:11: 1410 daAuts
     D:2: 1266 daAuts
     D:1: 968 daAuts
